 Dungeon Crawl Stone Soup version 0.21.0 (console) character file.

93 hilaritas the Skirmisher (level 4, -1/41 HPs)
             Began as a Gnoll Wanderer on Jan 5, 2018.
             Slain by Gorglomux's ghost (14 damage)
             ... on level 3 of the Dungeon.
             The game lasted 00:07:52 (1947 turns).

hilaritas the Skirmisher (Gnoll Wanderer)           Turns: 1947, Time: 00:07:53

Health: -1/41      AC:  5    Str: 21    XL:     4   Next: 61%
Magic:  0/8        EV: 13    Int: 13    God:
Gold:   115        SH:  6    Dex: 15    Spells: 8/9 levels left

rFire    . . .     SeeInvis .   k - +1 short sword
rCold    . . .     Gourm    .   c - +1 buckler
rNeg     . . .     Faith    .   a - +2 leather armour
rPois    .         Spirit   .   (no helmet)
rElec    .         Reflect  .   (no cloak)
rCorr    .         Harm     .   (no gloves)
MR       .....                  (no boots)
Stlth    ++........             (no amulet)
HPRegen  0.13/turn              (no ring)
MPRegen  0.11/turn              (no ring)

@: mighty, very slightly contaminated
A: distributed training, fangs 1, strong nose
a: no special abilities


You were on level 3 of the Dungeon.
You were not hungry.

You visited 1 branch of the dungeon, and saw 3 of its levels.

You collected 115 gold pieces.

Inventory:

Hand Weapons
 d - a +0 club
 k - a +1 short sword (weapon)
Armour
 a - a +2 leather armour (worn)
 c - a +1 buckler (worn)
Magical Staves
 m - an uncursed staff of summoning
Scrolls
 e - 2 scrolls of fog
 n - 3 scrolls of teleportation
 p - a scroll of remove curse
Potions
 g - a potion of cancellation
 h - a potion of might
 i - 2 potions of curing
 j - 2 potions of lignification
 l - a potion of flight
 o - a potion of heal wounds {unknown}
Books
 b - the Compendium of Confrontation

   Spells                             Type                      Level
   a - Flame Tongue                   Conjuration/Fire             1
   b - Dazzling Spray                 Conjuration/Hexes            3
Comestibles
 f - 6 rations
 q - 2 chunks of flesh


   Skills:
 + Level 6.6 Fighting
 + Level 1.2 Short Blades
 + Level 2.8 Long Blades
 + Level 1.2 Axes
 + Level 1.2 Maces & Flails
 + Level 1.2 Polearms
 + Level 1.2 Staves
 + Level 1.2 Slings
 + Level 1.2 Bows
 + Level 1.2 Crossbows
 + Level 2.8 Throwing
 + Level 1.2 Armour
 + Level 2.8 Dodging
 + Level 1.2 Stealth
 + Level 2.8 Shields
 + Level 1.2 Unarmed Combat
 + Level 3.0 Spellcasting
 + Level 1.0 Conjurations
 + Level 1.0 Hexes
 + Level 1.0 Charms
 + Level 1.0 Summonings
 + Level 1.0 Necromancy
 + Level 1.0 Translocations
 + Level 1.0 Transmutations
 + Level 3.8 Fire Magic
 + Level 1.0 Ice Magic
 + Level 1.0 Air Magic
 + Level 1.0 Earth Magic
 + Level 1.0 Poison Magic
 + Level 1.3 Invocations
 + Level 1.2 Evocations


You had 8 spell levels left.
You knew the following spells:

 Your Spells              Type           Power        Failure   Level  Hunger
a - Flame Tongue          Conj/Fire      #....        12%         1    #......


Dungeon Overview and Level Annotations

Branches:
Dungeon (3/15)

Altars:
Elyvilon
Qazlal
Ru
Sif Muna
Trog
Xom

Annotations:
D:3 Gorglomux's ghost, amateur DDFi


Innate Abilities, Weirdness & Mutations

Your experience applies equally to all skills.
You have very sharp teeth.
Your uncanny sense of smell can sniff out nearby items.


Message History

Gorglomux's ghost is heavily damaged.
Gorglomux's ghost closely misses you.
You hit Gorglomux's ghost but do no damage.
Gorglomux's ghost is heavily damaged.
You block Gorglomux's ghost's attack.
You closely miss Gorglomux's ghost.
Gorglomux's ghost is heavily damaged.
Gorglomux's ghost hits you.
Casting: Flame Tongue
Confirm with . or Enter, or press ? or * to list all spells.
Aiming: Flame Tongue
Press: ? - help, Shift-Dir - straight line, f/p - Gorglomux's ghost
Aim: Gorglomux's ghost (moderately damaged)
You miscast Flame Tongue.
You are very lightly contaminated with residual magic.
The air around you crackles with energy!
Gorglomux's ghost hits you but does no damage.
You feel very mighty all of a sudden. Gorglomux's ghost hits you!
You die...

........#####..
#######...#.... ##..
###.#.##. ... #...##. #.W##
#######.###. #...##
#.......# #. #....###
#.####### #.
#......#####.#########.
#...#.................
...####†########.#########.
.........W@......# #.
..>####.########## #. #.#
#. #.. #.. #..# #..# #... ∆


You could see Gorglomux's ghost.

Vanquished Creatures
  3 adders
  3 worms (D:2)
  A dart slug (D:2)
  2 leopard geckos
  7 bats
  4 giant cockroaches
  5 hobgoblins
  6 jackals
  6 frilled lizards
  6 goblins
  6 kobolds
  4 rats
53 creatures vanquished.

Notes
Turn   | Place    | Note
-------+----------+-------------------------------------------
     0 | D:1      | hilaritas the Gnoll Wanderer began the quest for the Orb.
     0 | D:1      | hilaritas set off with: a +2 leather armour, the Compendium of Confrontation, a +0 buckler, a +0 club, a ration
     0 | D:1      | Reached XP level 1. HP: 23/23 MP: 4/4
     0 | D:1      | Identified the Compendium of Confrontation
     2 | D:1      | Learned a level 1 spell: Flame Tongue
   306 | D:1      | Reached XP level 2. HP: 29/29 MP: 3/5
   685 | D:1      | Reached XP level 3. HP: 35/35 MP: 7/7
  1237 | D:2      | Found a shimmering altar of Xom.
  1237 | D:2      | Found a bloodstained altar of Trog.
  1238 | D:2      | Found a sacrificial altar of Ru.
  1238 | D:2      | Found a deep blue altar of Sif Muna.
  1241 | D:2      | Reached skill level 1 in Invocations
  1297 | D:2      | Reached skill level 1 in Short Blades
  1297 | D:2      | Reached skill level 1 in Axes
  1297 | D:2      | Reached skill level 1 in Maces & Flails
  1297 | D:2      | Reached skill level 1 in Polearms
  1297 | D:2      | Reached skill level 1 in Staves
  1297 | D:2      | Reached skill level 1 in Slings
  1297 | D:2      | Reached skill level 1 in Bows
  1297 | D:2      | Reached skill level 1 in Crossbows
  1297 | D:2      | Reached skill level 1 in Armour
  1297 | D:2      | Reached skill level 1 in Stealth
  1297 | D:2      | Reached skill level 1 in Unarmed Combat
  1297 | D:2      | Reached skill level 1 in Evocations
  1304 | D:2      | Found a stormy altar of Qazlal.
  1367 | D:2      | Reached XP level 4. HP: 41/41 MP: 5/8
  1725 | D:3      | Found a white marble altar of Elyvilon.
  1926 | D:3      | Noticed Gorglomux's ghost (amateur DDFi)
  1930 | D:3      | Reached skill level 1 in Conjurations
  1930 | D:3      | Reached skill level 1 in Hexes
  1930 | D:3      | Reached skill level 1 in Charms
  1930 | D:3      | Reached skill level 1 in Summonings
  1930 | D:3      | Reached skill level 1 in Necromancy
  1930 | D:3      | Reached skill level 1 in Translocations
  1930 | D:3      | Reached skill level 1 in Transmutations
  1930 | D:3      | Reached skill level 1 in Ice Magic
  1930 | D:3      | Reached skill level 1 in Air Magic
  1930 | D:3      | Reached skill level 1 in Earth Magic
  1930 | D:3      | Reached skill level 1 in Poison Magic
  1947 | D:3      | Slain by Gorglomux's ghost

Skill      XL: |  1  2  3  4 |
---------------+-------------+-----
Invocations    | 1 |  1.3
Short Blades   | 1 |  1.2
Axes           | 1 |  1.2
Maces & Flails | 1 |  1.2
Polearms       | 1 |  1.2
Staves         | 1 |  1.2
Slings         | 1 |  1.2
Bows           | 1 |  1.2
Crossbows      | 1 |  1.2
Armour         | 1 |  1.2
Stealth        | 1 |  1.2
Unarmed Combat | 1 |  1.2
Evocations     | 1 |  1.2
Spellcasting   | 3 |  3.0
Conjurations   | 1 |  1.0
Hexes          | 1 |  1.0
Charms         | 1 |  1.0
Summonings     | 1 |  1.0
Necromancy     | 1 |  1.0
Translocations | 1 |  1.0
Transmutations | 1 |  1.0
Ice Magic      | 1 |  1.0
Air Magic      | 1 |  1.0
Earth Magic    | 1 |  1.0
Poison Magic   | 1 |  1.0
Fighting       | |  6.6
Long Blades    | |  2.8
Throwing       | |  2.8
Dodging        | |  2.8
Shields        | |  2.8
Fire Magic     | |  3.8

Action                   |  1- 3 |  4- 6 || total
-------------------------+-------+-------++-------
Melee: Club              |    28 |       ||    28
       Bite              |     7 |     3 ||    10
       Short sword       |    28 |    21 ||    49
 Cast: Flame Tongue      |    43 |    24 ||    67
  Use: Scroll            |     8 |     4 ||    12
       Potion            |       |     1 ||     1
  Eat: Chunk             |     2 |     2 ||     4
Armor: Leather armour    |    14 |     8 ||    22
Dodge: Dodged            |    62 |    18 ||    80
Block: Buckler           |    29 |    10 ||    39
